 Dungeon Crawl Stone Soup version 0.29.1-2-gbd0b4ee654 (webtiles) character file.

Game seed: 17150960089319567844

653 hawla the Arsonist (level 8, 0/57 HPs)
             Began as a Meteoran Fire Elementalist on Nov 10, 2022.
             Slain by Pikel
             ... wielding a +2 whip of freezing
              (5 damage)
             ... on level 4 of the Dungeon.
             The game lasted 00:13:53 (2423 turns).

hawla the Arsonist (Meteoran Fire Elementalist)     Turns: 2423, Time: 00:13:54

Health: 0/57       AC:  3    Str:  9    XL:     8   Next: 10%
Magic:  4/15       EV: 13    Int: 19    God:
Gold:   100        SH:  0    Dex: 21    Spells: 7/15 levels left

rFire   . . .      SeeInvis .   (no weapon)
rCold   . . .      Faith    .   (no shield)
rNeg    + . .      Spirit   .   a - +1 robe
rPois   .          Reflect  .   (no helmet)
rElec   .          Harm     .   (no cloak)
rCorr   .          Rampage  .   (no gloves)
Will    +....                   (no boots)
Stlth   +.........              (no amulet)
HPRegen 0.19/turn               i - +6 ring of dexterity
MPRegen 0.14/turn               b - ring of positive energy

@: about to teleport, glowing
A: sense surroundings 1, otherworldly, glowing, explore regen
a: no special abilities


You were on level 4 of the Dungeon.
You visited 1 branch of the dungeon, and saw 4 of its levels.
You also visited: Sewer.

You collected 100 gold pieces.

Inventory:

Armour
 a - a +1 robe (worn)
Jewellery
 b - a ring of positive energy (right hand)
 i - a +6 ring of dexterity (left hand)
 n - a +4 ring of protection
Wands
 j - a wand of mindburst (8) (quivered)
Scrolls
 f - 2 scrolls of vulnerability
 h - a scroll of teleportation
Potions
 c - 2 potions of resistance {unknown}
 d - 2 potions of might {unknown}
 e - a potion of ambrosia {unknown}
 g - a potion of brilliance
 k - a potion of lignification {unknown}
 l - a potion of haste {unknown}
 m - a potion of invisibility {unknown}


   Skills:
 + Level 0.1 Fighting
 + Level 2.7 Dodging
 - Level 1.4 Stealth
 + Level 4.2 Spellcasting
 + Level 4.1 Conjurations
 + Level 0.3 Translocations
 + Level 8.6 Fire Magic


You had 7 spell levels left.
You knew the following spells:

 Your Spells              Type           Power      Damage    Failure   Level
a - Foxfire               Conj/Fire      100%       2x1d9     1%          1
b - Scorch                Fire           72%        2d8       1%          2
c - Apportation           Tloc           10%        N/A       12%         1
d - Flame Wave            Conj/Fire      28%        2d9       10%         4

Your spell library contained the following spells:

 Spells                   Type           Power      Damage    Failure   Level
 Conjure Flame            Conj/Fire      28%        6-21      3%          3
 Inner Flame              Hex/Fire       20%        N/A       7%          3
 Necrotise                Necr           16%        1d4       14%         1
 Summon Small Mammal      Summ           16%        N/A       14%         1
 Borgnjor's Revivificati  Necr           2%         N/A       100%        8
 Necromutation            Tmut/Necr      2%         N/A       100%        8
 Death's Door             Necr           2%         N/A       100%        9


Dungeon Overview and Level Annotations

Branches:
Dungeon (4/15) Zot: 404     Sewer (visited)
 Temple: D:4-7

Altars:

Annotations:
D:4 Pikel, Robin


Innate Abilities, Weirdness & Mutations

You passively map a small area around you.
You are easily found by Zot.
You glow in the dark.
You regain HP and MP as you explore.


Message History

The lemure is almost dead.
You finish channelling waves of flame.
Pikel hits you with a +2 whip of freezing!
Pikel freezes you.
Casting: Flame Wave (dangerous; 10% risk of failure)
Confirm with . or Enter, or press ? or * to list all spells.
Flames lash the lemure.
You kill the lemure!
That felt strangely unrewarding.
Pikel hits you with a +2 whip of freezing!
* * * LOW HITPOINT WARNING * * *
Pikel freezes you.
* * * LOW HITPOINT WARNING * * *
As you read the scroll of fear, it crumbles to dust.
You assume a fearsome visage.
Pikel resists with some effort.
The lemure looks frightened! x2; The goblin looks frightened!
The hobgoblin looks frightened!
The goblin looks frightened!
The hobgoblin looks frightened!
The goblin looks frightened!
The hobgoblin looks frightened!
The goblin looks frightened!
A goblin comes into view. It is wielding a +0 dagger.
Pikel drinks a potion.
Pikel is healed!
As you read the scroll of teleportation, it crumbles to dust.
You feel strangely unstable.
Pikel hits you with a +2 whip of freezing.
* * * LOW HITPOINT WARNING * * *
Pikel freezes you.
* * * LOW HITPOINT WARNING * * *
Unknown command.
Okay, then.
Casting: Scorch (safe; 1% risk of failure)
Confirm with . or Enter, or press ? or * to list all spells.
Casting: Flame Wave (dangerous; 10% risk of failure)
Press: ? - help, Dir - look around, f - activate A wave of flame ripples out!
The flame wave engulfs Pikel.
Pikel is lightly wounded. (Press . to intensify the flame waves.)
You hear a shout!
You hear an angry hiss.
An adder comes into view.
Pikel hits you with a +2 whip of freezing.
You die... ###### , ##. #.............. ....... ....#.............., , ....... ,....#.............. ...... ,....'.............. , ....# ....#.........S.... . ....##########.............. .gg

.............#......###'###.,..g.
.............#......# ,... ..g.
.)...........#..@K..# .. ...g
....##..)....#......'g.. ...g
....##...##..#..))..###. ...S
....##...##* ####..... , ....
).........# ...>.# ,....
..........# .g.gg# , ....
....##....# ..g..# ....
######...## * ggg..# , ##### ,


You could see Pikel, Robin, an adder, 3 hobgoblins and 4 goblins.

Vanquished Creatures
  An ogre (D:4)
  2 lemures (D:4)
  2 kobold brigands (Sewer)
  A necrophage (D:4)
  An orc priest (D:3)
  An iguana (D:4)
  Ijyb (D:3)
  Natasha (twice) (D:4)
  An orc wizard (D:3)
  7 adders
  5 river rats (Sewer)
  An ufetubus (D:4)
  A worm (D:3)
  3 dart slugs
  6 orcs (D:3)
  9 ball pythons
  9 endoplasms
  A giant cockroach (D:1)
  8 goblins
  7 hobgoblins
  7 jackals
  5 quokkas
  4 bats
  5 frilled lizards
  11 kobolds
  8 rats
109 creatures vanquished.

Vanquished Creatures (collateral kills)
  10 foxfires (Sewer)
10 creatures vanquished.

Vanquished Creatures (others)
  159 foxfires
  6 plants (Sewer)
165 creatures vanquished.

Grand Total: 284 creatures vanquished

Notes
Turn   | Place    | Note
-------+----------+-------------------------------------------
     0 | D:1      | hawla the Meteoran Fire Elementalist began the quest for
                  | the Orb.
     0 | D:1      | Reached XP level 1. HP: 14/14 MP: 5/5
    73 | D:1      | Reached skill level 4 in Fire Magic
    93 | D:1      | Reached XP level 2. HP: 19/20 MP: 3/6
   181 | D:1      | Found a faded altar of an unknown god.
   251 | D:1      | Reached XP level 3. HP: 22/26 MP: 4/8
   254 | D:1      | Learned a level 2 spell: Scorch
   493 | D:1      | Glimpsed the power of Zot.
   687 | D:2      | Reached XP level 4. HP: 30/33 MP: 1/9
   689 | D:2      | Learned a level 1 spell: Apportation
   807 | D:2      | Learned a level 4 spell: Flame Wave
  1091 | D:2      | Glimpsed the power of Zot.
  1105 | D:3      | Reached skill level 5 in Fire Magic
  1206 | D:3      | Reached XP level 5. HP: 35/38 MP: 0/10
  1392 | D:3      | Noticed Ijyb
  1402 | D:3      | Killed Ijyb
  1403 | D:3      | Reached skill level 6 in Fire Magic
  1459 | D:3      | Reached XP level 6. HP: 32/45 MP: 6/11
  1500 | D:3      | Found a glowing drain.
  1509 | Sewer    | Entered a sewer
  1590 | Sewer    | Reached skill level 7 in Fire Magic
  1609 | Sewer    | Reached XP level 7. HP: 50/50 MP: 5/12
  1925 | Sewer    | Glimpsed the power of Zot.
  2128 | D:3      | Glimpsed the power of Zot.
  2178 | D:3      | Glimpsed the power of Zot.
  2187 | D:4      | Noticed Pikel
  2197 | D:4      | Noticed Robin
  2215 | D:4      | Reached skill level 8 in Fire Magic
  2369 | D:4      | Noticed Natasha
  2373 | D:4      | Killed Natasha
  2383 | D:4      | Noticed Natasha
  2388 | D:4      | Reached XP level 8. HP: 50/57 MP: 5/15
  2389 | D:4      | Killed Natasha
  2423 | D:4      | Slain by Pikel

Illustrated notes

Levels and vault maps discovered:
D:1:      zaba_arrival_water, layout_loops_ring,
          dreamdust_ecumenical_altar_statues, minmay_domino_2
D:2:      layout_basic
D:3:      layout_loops_cross, portal_sewer_entry_d, uniq_ijyb
D:4:      layout_gridville, uniq_pikel, uniq_robin, uniq_natasha

Skill      XL: |  1  2  3  4  5  6  7 |
---------------+----------------------+-----
Fire Magic     | 4 5 6 7 8 |  8.6
Spellcasting   | 3 4 |  4.2
Conjurations   | 2 3 4 |  4.1
Fighting       | |  0.1
Dodging        | |  2.7
Stealth        | |  1.4
Translocations | |  0.3

Action                   |  1- 3 |  4- 6 |  7- 9 || total
-------------------------+-------+-------+-------++-------
Melee: Unarmed           |    17 |     6 |     3 ||    26
       Punch             |       |     1 |       ||     1
 Cast: Foxfire           |    39 |    51 |    18 ||   108
       Scorch            |    10 |    24 |    17 ||    51
       Flame Wave        |       |     2 |     5 ||     7
       Apportation       |       |       |     4 ||     4
  Use: Scroll            |       |     4 |     7 ||    11
       Potion            |       |     1 |       ||     1
Armor: Robe              |     8 |     2 |     5 ||    15
Dodge: Dodged            |    22 |    11 |    14 ||    47
